[Event "ICC tourney 2556 (25 5)"]
[Site "Internet Chess Club"]
[Date "2021.05.09"]
[Round "5"]
[White "NATHA, NIRAV:K05-15969775"]
[Black "SAMPATHKUMAR, GURU:K05-16282718"]
[Result "1-0"]
[ICCResult "Black checkmated"]
[WhiteElo "1463"]
[BlackElo "1141"]
[Opening "Caro-Kann: exchange, Rubinstein variation"]
[ECO "B13"]
[NIC "CK.02"]
[Time "11:33:37"]
[PlyCount "135"]
[TimeControl "1500+5"]

1. e4 c6 2. d4 d5 3. exd5 cxd5 4. Bd3 Nc6 5. c3 Nf6 6. Bf4 e6 7. Nf3 Bd6 8.
Be3 O-O 9. O-O b6 10. Nbd2 Bb7 11. Rc1 Rc8 12. Re1 Re8 13. Nf1 h6 14. Ng3
Bxg3 15. hxg3 Ng4 16. Bf4 Qf6 17. Nd2 h5 18. Nf3 g6 19. Ne5 Ncxe5 20. dxe5
Qg7 21. Qd2 Kh7 22. Be2 Nxe5 23. Bxe5 Qxe5 24. Bb5 Qf6 25. Bxe8 Rxe8 26.
Qf4 Qe7 27. c4 e5 28. Qd2 d4 29. Re2 Rd8 30. Rce1 e4 31. a3 h4 32. Qf4 hxg3
33. Qxg3 d3 34. Rd2 Rd4 35. Rxd3 Rxd3 36. Qxd3 Qe6 37. Qh3+ Qxh3 38. gxh3
Kg7 39. Kf1 Kf6 40. Ke2 Ke5 41. Ke3 Kf5 42. Rd1 Ke6 43. b4 f5 44. Rg1 Kf6
45. Rd1 Ke5 46. Rd7 f4+ 47. Kd2 Bc8 48. Rxa7 Bxh3 49. c5 bxc5 50. bxc5 g5
51. c6 Kd4 52. Rg7 e3+ 53. fxe3+ fxe3+ 54. Ke1 Bg2 55. c7 Bb7 56. Rxg5 Ke4
57. Rg8 Kd5 58. c8=Q Bxc8 59. Rxc8 Kd4 60. a4 Kd5 61. a5 Kd4 62. a6 Kd3 63.
a7 e2 64. a8=Q Ke3 65. Qa4 Kf3 66. Rc3+ Kg2 67. Qg4+ Kh1 68. Rh3# { Black
checkmated } 1-0

[Event "ICC tourney 2556 (25 5)"]
[Site "Internet Chess Club"]
[Date "2021.05.09"]
[Round "5"]
[White "LUO, WESLEY:K05-16424622"]
[Black "JIANG, ANDREW:K05-16091063"]
[Result "0-1"]
[ICCResult "White resigns"]
[WhiteElo "1673"]
[BlackElo "2021"]
[Opening "Giuoco Piano"]
[ECO "C54"]
[NIC "IG.02"]
[Time "11:30:34"]
[PlyCount "130"]
[TimeControl "1500+5"]

1. e4 e5 2. Nf3 Nc6 3. Bc4 Bc5 4. c3 Nf6 5. d4 exd4 6. cxd4 Bb4+ 7. Bd2
Bxd2+ 8. Nbxd2 d5 9. exd5 Nxd5 10. O-O O-O 11. Re1 Bg4 12. h3 Bh5 13. Qb3
Nb6 14. Qc3 Qf6 15. Ne4 Qf4 16. Nfd2 Rad8 17. g3 Qh6 18. Nb3 Na4 19. Qc2
Nb4 20. Qb1 Bf3 21. h4 Qg6 22. a3 Nc6 23. d5 Ne5 24. Bb5 Nb6 25. Bf1 Nxd5
26. Ng5 Qxb1 27. Raxb1 f6 28. Ne6 Bg4 29. Rxe5 fxe5 30. Nxd8 Rxd8 31. Re1
Re8 32. Bc4 c6 33. Na5 Re7 34. Kg2 Kf7 35. f3 Bd7 36. Nxb7 Kf6 37. Nc5 Bf5
38. g4 Be6 39. Ne4+ Kg6 40. h5+ Kh6 41. Bxd5 cxd5 42. Ng3 Bd7 43. Kh3 Kg5
44. Ne2 Rf7 45. Kg3 Kf6 46. Nc3 Bc6 47. b4 Ke6 48. b5 Bb7 49. a4 Rc7 50.
Ne2 Rc4 51. f4 e4 52. a5 d4 53. f5+ Ke5 54. Nf4 Rc3+ 55. Kh4 Kxf4 56. a6
Ba8 57. Rf1+ Ke5 58. g5 e3 59. f6 gxf6 60. gxf6 e2 61. Re1 d3 62. f7 Rc8
63. Kg3 Kd4 64. f8=Q Rxf8 65. Rh1 Bxh1 { White resigns } 0-1

[Event "ICC tourney 2556 (25 5)"]
[Site "Internet Chess Club"]
[Date "2021.05.09"]
[Round "5"]
[White "KUO, DECLAN:K05-16624125"]
[Black "XIA, RUOXIAO:K05-16025390"]
[Result "0-1"]
[ICCResult "White forfeits on time"]
[WhiteElo "852"]
[BlackElo "1921"]
[Opening "Sicilian defense"]
[ECO "B40"]
[NIC "SI.43"]
[Time "11:33:47"]
[PlyCount "64"]
[TimeControl "1500+5"]

1. e4 c5 2. Nf3 e6 3. Nc3 Nc6 4. Bc4 a6 5. d3 b5 6. Bb3 Bb7 7. O-O Be7 8.
a3 Nf6 9. Re1 O-O 10. Bg5 Na5 11. Ba2 d5 12. Qe2 d4 13. Nd1 Rc8 14. Bxf6
Bxf6 15. e5 Be7 16. c3 Qb6 17. cxd4 cxd4 18. b3 Bxa3 19. Rb1 Bb4 20. Rf1
Rc7 21. Nb2 Rfc8 22. Rbd1 Rc2 23. Qxc2 Rxc2 24. Rb1 Bc3 25. Rfc1 Rxb2 26.
Rxb2 Bxb2 27. Rc2 Bc3 28. b4 Bxb4 29. Bd5 Bxd5 30. Rc8+ Bf8 31. Ng5 Qb7 32.
Rd8 Bxg2 { White forfeits on time } 0-1

[Event "ICC tourney 2556 (25 5)"]
[Site "Internet Chess Club"]
[Date "2021.05.09"]
[Round "5"]
[White "VEMPARALA, NIKASH:K05-16438800"]
[Black "LIN, LEIA:K05-17110828"]
[Result "1-0"]
[ICCResult "Black forfeits on time"]
[WhiteElo "1764"]
[BlackElo "1256"]
[Opening "Sicilian: closed"]
[ECO "B24"]
[NIC "SI.44"]
[Time "11:31:39"]
[PlyCount "59"]
[TimeControl "1500+5"]

1. e4 c5 2. Nc3 Nc6 3. g3 e6 4. Bg2 Nf6 5. d3 d5 6. f4 d4 7. Nce2 b6 8. Nf3
Be7 9. h3 Bb7 10. O-O a6 11. Bd2 h6 12. g4 Nd7 13. Ng3 b5 14. Qc1 Rc8 15.
f5 e5 16. g5 h5 17. Nh4 Bd6 18. Bf3 c4 19. Qd1 Nf8 20. Nxh5 Rg8 21. f6 g6
22. Ng7+ Kd7 23. Bg4+ Kc7 24. a4 Ra8 25. Qe2 cxd3 26. cxd3 b4 27. Rfc1 Kb8
28. Qd1 a5 29. Qb3 Qc7 30. Ne8 { Black forfeits on time } 1-0

[Event "ICC tourney 2556 (25 5)"]
[Site "Internet Chess Club"]
[Date "2021.05.09"]
[Round "5"]
[White "WONG, WYATT:K05-17016313"]
[Black "KAZAN, JUDE:K05-16350155"]
[Result "0-1"]
[ICCResult "White checkmated"]
[WhiteElo "1439"]
[BlackElo "1655"]
[Opening "Caro-Kann: advance variation"]
[ECO "B12"]
[NIC "CK.02"]
[Time "11:31:21"]
[PlyCount "114"]
[TimeControl "1500+5"]

1. e4 c6 2. d4 d5 3. e5 c5 4. c3 Nc6 5. Nf3 Bg4 6. Be2 e6 7. Be3 cxd4 8.
cxd4 Qb6 9. Qc2 Bxf3 10. Bxf3 Nge7 11. O-O Nf5 12. Rd1 Nfxd4 13. Rxd4 Nxd4
14. Qa4+ Qb5 15. Qxd4 Rc8 16. Na3 Bxa3 17. bxa3 b6 18. Bd1 O-O 19. Qg4 Qb2
20. Bd4 Qxa3 21. Be3 Rc4 22. Qg3 Qb2 23. Bh6 g6 24. Qf3 Qxa1 25. h3 Qxe5
26. Bxf8 Kxf8 27. Kf1 Re4 28. g3 Re1+ 29. Kg2 Qe4 30. Qxe4 Rxe4 31. Kf3 Rd4
32. Bb3 Rd3+ 33. Ke2 Rxb3 34. axb3 Ke7 35. Kd3 Kd6 36. f4 a5 37. Kd4 b5 38.
g4 a4 39. b4 f6 40. g5 fxg5 41. fxg5 e5+ 42. Kd3 a3 43. Kc2 e4 44. h4 e3
45. h5 a2 46. hxg6 hxg6 47. Kb2 e2 48. Kxa2 e1=Q 49. Ka3 Qc3+ 50. Ka2 Qxb4
51. Ka1 d4 52. Ka2 d3 53. Ka1 d2 54. Ka2 Kc5 55. Ka1 Kc4 56. Ka2 Kc3 57.
Ka1 Qb2# { White checkmated } 0-1

[Event "ICC tourney 2556 (25 5)"]
[Site "Internet Chess Club"]
[Date "2021.05.09"]
[Round "5"]
[White "KRISHNAN, ASHVATH:K05-30042119"]
[Black "KURUP, SIDDHARTH:K05-16282415"]
[Result "0-1"]
[ICCResult "White checkmated"]
[WhiteElo "1226"]
[BlackElo "1548"]
[Opening "Caro-Kann: classical, 6.h4"]
[ECO "B18"]
[NIC "CK.12"]
[Time "11:30:29"]
[PlyCount "102"]
[TimeControl "1500+5"]

1. e4 c6 2. d4 d5 3. Nc3 dxe4 4. Nxe4 Bf5 5. Ng3 Bg6 6. h4 h6 7. h5 Bh7 8.
Nf3 Nd7 9. Bd3 Bxd3 10. Qxd3 Ngf6 11. Be3 e6 12. O-O-O Bd6 13. Ne4 Nxe4 14.
Qxe4 Nf6 15. Qd3 Qa5 16. a3 O-O-O 17. Nd2 Be7 18. Nc4 Qa6 19. f3 Nd5 20.
Rhe1 c5 21. Qb3 Nxe3 22. Rxe3 Bg5 23. dxc5 Bxe3+ 24. Nxe3 Rxd1+ 25. Kxd1
Rd8+ 26. Ke1 Qa5+ 27. c3 Qxc5 28. Ke2 Qd6 29. Qc4+ Kb8 30. Nf1 Qd1+ 31. Kf2
Qd6 32. Kg1 Ka8 33. b4 a6 34. a4 Qb6+ 35. Kh2 Rd5 36. Ng3 Qd6 37. f4 Qd8
38. Kh3 e5 39. f5 Qd7 40. Kg4 g6 41. hxg6 fxg6 42. Qe4 gxf5+ 43. Nxf5 Qe6
44. Kf3 Rd8 45. Ke3 Rf8 46. Ng3 Qf6 47. Ne2 Qf2+ 48. Kd3 Rd8+ 49. Kc4 Qf7+
50. Kc5 Qc7+ 51. Qc6 Qxc6# { White checkmated } 0-1

[Event "ICC tourney 2556 (25 5)"]
[Site "Internet Chess Club"]
[Date "2021.05.09"]
[Round "5"]
[White "CHANG LIU, ERIC:K05-16650666"]
[Black "D BEAR, NICHOLAS:K05-16056078"]
[Result "1-0"]
[ICCResult "Black checkmated"]
[WhiteElo "2046"]
[BlackElo "1706"]
[Opening "Sicilian"]
[ECO "B56"]
[NIC "SI.25"]
[Time "11:31:28"]
[PlyCount "107"]
[TimeControl "1500+5"]

1. e4 c5 2. Nf3 d6 3. d4 cxd4 4. Nxd4 Nf6 5. Nc3 Nc6 6. f3 e5 7. Nb3 Be7 8.
Be3 O-O 9. Qd2 a5 10. Bb5 Be6 11. O-O-O Nb4 12. a3 d5 13. axb4 d4 14. Bxd4
exd4 15. Nxd4 axb4 16. Na4 Qa5 17. b3 Bc5 18. Nxe6 fxe6 19. Qe2 Nh5 20. Qc4
Be3+ 21. Kb2 Nf4 22. g3 Rfc8 23. Qf1 Qc7 24. c4 bxc3+ 25. Kc2 Rd8 26. gxf4
Rd2+ 27. Rxd2 cxd2+ 28. Kd3 Bxf4 29. Nb2 Rd8+ 30. Ke2 Qc5 31. Bc4 Qe3+ 32.
Kd1 Qc3 33. Nd3 Be3 34. Ke2 Bh6 35. Qa1 Qc2 36. Rd1 Kh8 37. Qb2 Qxb2 38.
Nxb2 Rd6 39. Nd3 g6 40. f4 Rd4 41. Ke3 Rd6 42. Ne5 g5 43. Nf7+ Kg7 44. Nxd6
gxf4+ 45. Kf3 Kf6 46. Rxd2 Ke5 47. Nf7+ Kf6 48. Nxh6 Kg6 49. Ng4 Kg7 50.
Kxf4 Kh8 51. Ke5 h5 52. Nf6 b5 53. Rd7 bxc4 54. Rh7# { Black checkmated }
1-0

[Event "ICC tourney 2556 (25 5)"]
[Site "Internet Chess Club"]
[Date "2021.05.09"]
[Round "5"]
[White "ELIZABETH PETER, SARAH:K05-16665770"]
[Black "SFORZA, HUNTER:K05-30100050"]
[Result "0-1"]
[ICCResult "White forfeits on time"]
[WhiteElo "954"]
[BlackElo "692"]
[Opening "Queen's pawn: London system"]
[ECO "A45"]
[NIC "QP.07"]
[Time "11:30:31"]
[PlyCount "124"]
[TimeControl "1500+5"]

1. d4 Nf6 2. Bf4 c5 3. c3 e6 4. e3 cxd4 5. cxd4 Qa5+ 6. Nd2 Bb4 7. Nf3
Bxd2+ 8. Nxd2 Nc6 9. Bd3 Nb4 10. Bc2 Nxc2+ 11. Qxc2 O-O 12. O-O b5 13. Bd6
Re8 14. b4 Qb6 15. Be5 Qd8 16. Ne4 Nxe4 17. Qxe4 d5 18. Qg4 f6 19. Bg3 e5
20. Qe2 exd4 21. Qxb5 dxe3 22. fxe3 Rxe3 23. Rfe1 Rxe1+ 24. Rxe1 Qb6+ 25.
Qxb6 axb6 26. Re8+ Kf7 27. Rd8 Ke7 28. Bc7 b5 29. Rxd5 Rxa2 30. Rxb5 Ba6
31. Rb8 Kd7 32. Bg3 Ra1+ 33. Kf2 Ra4 34. b5 Bc8 35. b6 Rb4 36. Ke3 Ba6 37.
Bc7 Kc6 38. Rg8 Rg4 39. Kf3 Rg5 40. h4 Rg6 41. g4 Bb7 42. Kf4 Kd7 43. Rd8+
Kc6 44. Rd6+ Kb5 45. Rd8 Ka6 46. Rh8 h6 47. Bd8 Bc8 48. g5 fxg5+ 49. hxg5
hxg5+ 50. Bxg5 Bb7 51. Bd8 Rc6 52. Rg8 Rc8 53. Ke5 Kb5 54. Kd6 g5 55. Kd7
g4 56. Rxg4 Ka6 57. Ra4+ Kb5 58. Rd4 Kc5 59. Rd2 Kb5 60. Rb2+ Ka6 61. Ra2+
Kb5 62. Ra7 Rxd8+ { White forfeits on time } 0-1

[Event "ICC tourney 2556 (25 5)"]
[Site "Internet Chess Club"]
[Date "2021.05.09"]
[Round "5"]
[White "BHATTACHARJEE, RIJU:K05-16538876"]
[Black "ARAVINDAKSHAN, SAHANA:K05-16741147"]
[Result "0-1"]
[ICCResult "White checkmated"]
[WhiteElo "1270"]
[BlackElo "1587"]
[Opening "Giuoco Piano: Anderssen variation"]
[ECO "C54"]
[NIC "IG.02"]
[Time "11:31:19"]
[PlyCount "180"]
[TimeControl "1500+5"]

1. e4 e5 2. Nf3 Nc6 3. Bc4 Bc5 4. c3 Nf6 5. d4 exd4 6. e5 d5 7. Bb5 Ne4 8.
cxd4 Bb4+ 9. Bd2 Nxd2 10. Nbxd2 Bxd2+ 11. Qxd2 O-O 12. O-O Bd7 13. Bd3 Qe7
14. Rfe1 Rae8 15. Ng5 g6 16. Nf3 Bg4 17. Be2 f6 18. exf6 Qxf6 19. h3 Bxf3
20. Bxf3 Rd8 21. Red1 Rfe8 22. Rac1 Qg7 23. Qc3 Rf8 24. Qb3 Nxd4 25. Bxd5+
Kh8 26. Qc4 Rxd5 27. Qxd5 Ne2+ 28. Kh2 Nxc1 29. Rxc1 Qxb2 30. Rxc7 Qxf2 31.
Qe5+ Qf6 32. Qxf6+ Rxf6 33. Rxb7 Ra6 34. Rb2 Kg7 35. Kg3 Ra3+ 36. Kf4 Kf6
37. Ke4 Ke6 38. Kd4 Kd6 39. Kc4 Kc6 40. Kb4 Rg3 41. a4 Kb6 42. a5+ Ka6 43.
Ka4 Rg5 44. Rf2 Rxa5+ 45. Kb4 Rf5 46. Re2 Rf7 47. Re6+ Kb7 48. Re2 a6 49.
Ka5 h5 50. Re6 Rf5+ 51. Kb4 Rg5 52. Re2 Rg3 53. Ka5 Rc3 54. Re7+ Rc7 55.
Re6 Rc6 56. Re7+ Kb8 57. Re2 Kc7 58. Rf2 Kd6 59. Rf6+ Kd5 60. Rf2 Ke4 61.
Re2+ Kd3 62. Rf2 Ke3 63. Rb2 Kf4 64. Rf2+ Kg3 65. Rd2 Rf6 66. Rc2 Rf2 67.
Rc6 Ra2+ 68. Kb4 Kxg2 69. Rxg6+ Kxh3 70. Rh6 h4 71. Kb3 Ra1 72. Kb2 Ra5 73.
Kb3 Kg3 74. Rg6+ Kh2 75. Rh6 h3 76. Kb4 Ra1 77. Kb3 Kg2 78. Kb2 Ra5 79. Kb3
h2 80. Kb4 Ra1 81. Kb3 h1=Q 82. Rxh1 Kxh1 83. Kb4 Rb1+ 84. Ka4 Kg2 85. Ka5
Kf3 86. Kxa6 Ke4 87. Ka5 Kd4 88. Ka4 Kc4 89. Ka5 Rb2 90. Ka4 Ra2# { White
checkmated } 0-1

[Event "ICC tourney 2556 (25 5)"]
[Site "Internet Chess Club"]
[Date "2021.05.09"]
[Round "5"]
[White "YOGESH MEHTA, ADITYA:K05-17108546"]
[Black "MAJUMDAR, ABHI:K05-16196465"]
[Result "1-0"]
[ICCResult "Black checkmated"]
[WhiteElo "797"]
[BlackElo "1150"]
[Opening "Caro-Kann defense"]
[ECO "B11"]
[NIC "CK.01"]
[Time "11:30:53"]
[PlyCount "191"]
[TimeControl "1500+5"]

1. e4 c6 2. Nc3 d5 3. exd5 cxd5 4. Bb5+ Nc6 5. Bxc6+ bxc6 6. Nf3 Nf6 7. O-O
Bf5 8. Nd4 Qd7 9. d3 h6 10. h3 Bh7 11. Na4 e6 12. Nb3 Bd6 13. c4 Rc8 14. c5
Bc7 15. Qf3 O-O 16. Bf4 Bxf4 17. Qxf4 Bxd3 18. Rfe1 Qc7 19. Qd2 Bh7 20. Nd4
Qe7 21. Rac1 Rfd8 22. Rc3 Ne4 23. Qe2 Nxc3 24. Nxc3 Qxc5 25. Nf3 d4 26. Nd1
Bc2 27. b4 d3 28. Qd2 Qd6 29. Ne3 Rc7 30. a3 c5 31. Nc4 Qd5 32. Ne3 Qb3 33.
Rc1 cxb4 34. axb4 Qc3 35. Rxc2 Qxd2 36. Rxd2 Rb7 37. Ne5 Rd6 38. N3c4 Rd4
39. Kh2 Rxb4 40. Ne3 Rb3 41. Nc6 Rd7 42. Ne5 Rd8 43. Nc6 Ra8 44. Na5 Ra3
45. Nac4 Rc3 46. Nb2 a5 47. Nxd3 a4 48. Nb4 a3 49. Ra2 Rb3 50. Nbc2 Rb2 51.
Rxa3 Rxa3 52. Nxa3 Rxf2 53. Nac4 Re2 54. Kg3 Kf8 55. Ng4 Re4 56. Nd2 Rd4
57. Nf3 Ra4 58. Nge5 Ke7 59. Nd4 Kd6 60. Nef3 Kd5 61. Nb5 Ra5 62. Nc3+ Kc4
63. Ne4 e5 64. Kg4 g6 65. Nf2 f5+ 66. Kg3 e4 67. Ne1 Ra1 68. Nc2 Rc1 69.
Ne3+ Kd4 70. Nfd1 g5 71. Nxf5+ Kd3 72. Nf2+ Ke2 73. Nxe4 Rd1 74. Nc3+ Kf1
75. Nxd1 Ke2 76. Nc3+ Kd3 77. Nxh6 Kxc3 78. Kg4 Kd4 79. Kxg5 Ke5 80. h4 Ke6
81. g4 Ke7 82. Kg6 Kf8 83. g5 Ke8 84. h5 Kf8 85. Kf6 Ke8 86. g6 Kf8 87. g7+
Ke8 88. Nf5 Kd7 89. h6 Kc6 90. h7 Kc5 91. h8=Q Kb4 92. g8=Q Ka3 93. Qh4 Kb2
94. Qgg3 Kc2 95. Qhh2+ Kd1 96. Qgg1# { Black checkmated } 1-0

[Event "ICC tourney 2556 (25 5)"]
[Site "Internet Chess Club"]
[Date "2021.05.09"]
[Round "5"]
[White "CHEN, JOCELYN:K05-15671677"]
[Black "J WANG, ALEXANDER:K05-15983386"]
[Result "0-1"]
[ICCResult "White checkmated"]
[WhiteElo "1775"]
[BlackElo "2124"]
[Opening "Sicilian: dragon, Yugoslav attack, Rauser variation"]
[ECO "B76"]
[NIC "SI.17"]
[Time "11:30:34"]
[PlyCount "216"]
[TimeControl "1500+5"]

1. e4 c5 2. Nf3 d6 3. d4 cxd4 4. Nxd4 Nf6 5. Nc3 g6 6. Be3 Bg7 7. f3 O-O 8.
Qd2 Nc6 9. O-O-O d5 10. exd5 Nxd5 11. Nxc6 bxc6 12. Nxd5 cxd5 13. Qxd5 Qc7
14. Qxa8 Bf5 15. Qxf8+ Kxf8 16. Rd2 h5 17. Be2 Bf6 18. g3 Kg7 19. Rhd1 Kh7
20. Kb1 Kg7 21. Kc1 Qa5 22. a3 Qc7 23. Kb1 Kh7 24. Kc1 e6 25. g4 hxg4 26.
fxg4 Be4 27. g5 Bg7 28. h4 a5 29. h5 Qg3 30. hxg6+ Kxg6 31. Bf2 Qc7 32. Be3
Qg3 33. Bf2 Qf4 34. Bb6 a4 35. Bd8 Qe5 36. c3 Qc5 37. Bf6 Bxf6 38. gxf6
Kxf6 39. Rd4 Bc6 40. Bc4 Ke7 41. Re1 e5 42. Bd3 Kf8 43. Rb4 f6 44. Kc2 Bd7
45. Kb1 Ke7 46. Bc2 Qa5 47. Rf1 Qa6 48. Rf2 Bc6 49. Kc1 Qa7 50. Rd2 Ke6 51.
Rg4 Kf7 52. Bg6+ Ke6 53. Bc2 Qa6 54. Kb1 Qa7 55. Kc1 Qa5 56. Kb1 Ke7 57.
Rg7+ Ke6 58. Rg4 Be8 59. Rg7 Qc5 60. Rdg2 Bc6 61. Rd2 Qe3 62. Rd1 Be4 63.
Bxe4 Qxe4+ 64. Ka2 f5 65. Rgd7 Qc6 66. Rh7 Qc4+ 67. Ka1 f4 68. Rdd7 Qf1+
69. Ka2 Qc4+ 70. Ka1 Kf5 71. Rhf7+ Ke4 72. Kb1 f3 73. Rf6 Ke3 74. Re7 e4
75. Ref7 Qf1+ 76. Ka2 Qc4+ 77. Kb1 Qe2 78. Re7 f2 79. Ref7 Qe1+ 80. Kc2
Qe2+ 81. Kc1 Qf1+ 82. Kc2 Qd3+ 83. Kc1 Qd2+ 84. Kb1 Qe1+ 85. Kc2 Ke2 86.
Rh6 f1=Q 87. Rh2+ Qff2 88. Rfxf2+ Qxf2 89. Rxf2+ Kxf2 90. Kd2 e3+ 91. Kd3
e2 92. c4 e1=Q 93. c5 Qc1 94. Kd4 Qxb2+ 95. Kd5 Qxa3 96. c6 Qc3 97. Kd6 a3
98. c7 Qxc7+ 99. Kxc7 a2 100. Kd7 a1=Q 101. Ke7 Qa6 102. Kf7 Kf3 103. Kg7
Kf4 104. Kf7 Kf5 105. Ke7 Qc6 106. Kf7 Qc7+ 107. Kf8 Ke6 108. Ke8 Qb8# {
White checkmated } 0-1

[Event "ICC tourney 2556 (25 5)"]
[Site "Internet Chess Club"]
[Date "2021.05.09"]
[Round "6"]
[White "ZHU, ISABELLA:K05-16795777"]
[Black "KANTNER, AARON:K05-16926895"]
[Result "1-0"]
[ICCResult "Black checkmated"]
[WhiteElo "1058"]
[BlackElo "619"]
[Opening "Petrov's defense"]
[ECO "C42"]
[NIC "RG.03"]
[Time "13:30:59"]
[PlyCount "33"]
[TimeControl "1500+5"]

1. e4 e5 2. Nf3 Nf6 3. Nxe5 Qe7 4. d4 d6 5. Nf3 Nxe4 6. Be2 Bg4 7. O-O Bxf3
8. Bxf3 Nc6 9. Bxe4 Qxe4 10. Re1 Qxe1+ 11. Qxe1+ Be7 12. Be3 Nb4 13. Qxb4
a5 14. Qxb7 Rd8 15. Qc6+ Rd7 16. Nc3 Kd8 17. Qa8# { Black checkmated } 1-0

[Event "ICC tourney 2556 (25 5)"]
[Site "Internet Chess Club"]
[Date "2021.05.09"]
[Round "6"]
[White "MISHRA, KARTIKAYE:K05-17074673"]
[Black "LEE WANG, HUBERT:K05-17101448"]
[Result "0-1"]
[ICCResult "White checkmated"]
[WhiteElo "521"]
[BlackElo "860"]
[Opening "Giuoco Piano: four knights variation"]
[ECO "C46"]
[NIC "KP.06"]
[Time "13:30:46"]
[PlyCount "40"]
[TimeControl "1500+5"]

1. e4 e5 2. Nf3 Nc6 3. Nc3 Bc5 4. Bc4 Nf6 5. b3 d6 6. a4 Bg4 7. d3 Nd4 8.
h3 Bh5 9. g4 Nxg4 10. hxg4 Bxg4 11. Bg5 Bxf3 12. Ne2 Bxe2 13. Qd2 Nf3+ 14.
Kxe2 Nxd2 15. Kxd2 Qxg5+ 16. Kd1 Bxf2 17. d4 Bxd4 18. Be2 Bxa1 19. b4 Bc3
20. b5 Qd2# { White checkmated } 0-1

[Event "ICC tourney 2556 (25 5)"]
[Site "Internet Chess Club"]
[Date "2021.05.09"]
[Round "6"]
[White "MOORHOUSE, WILL:K05-30059498"]
[Black "POLICELLI, CYRUS:K05-16341942"]
[Result "1-0"]
[ICCResult "Black resigns"]
[WhiteElo "1352"]
[BlackElo "863"]
[Opening "King's pawn game"]
[ECO "C50"]
[NIC "IG.03"]
[Time "13:32:05"]
[PlyCount "22"]
[TimeControl "1500+5"]

1. e4 e5 2. Nf3 Nc6 3. Bc4 Nd4 4. Nxd4 exd4 5. O-O Bc5 6. Bxf7+ Kxf7 7.
Qh5+ g6 8. Qxc5 Qf6 9. Qxc7 Ke8 10. d3 Qh4 11. Qe5+ Kf7 { Black resigns }
1-0

[Event "ICC tourney 2556 (25 5)"]
[Site "Internet Chess Club"]
[Date "2021.05.09"]
[Round "6"]
[White "PALANIAPPAN, ABHINAV:K05-16592332"]
[Black "MICHAEL KAGAN, BENYAMIN:K05-30083267"]
[Result "1-0"]
[ICCResult "Black checkmated"]
[WhiteElo "732"]
[BlackElo "301"]
[Opening "Giuoco Piano"]
[ECO "C53"]
[NIC "IG.02"]
[Time "13:33:26"]
[PlyCount "25"]
[TimeControl "1500+5"]

1. e4 e5 2. Nf3 Nc6 3. Bc4 Bc5 4. c3 Nh6 5. d4 exd4 6. cxd4 Bb6 7. O-O O-O
8. Bxh6 gxh6 9. Qd2 Ba5 10. Qxh6 Ne7 11. Ng5 Re8 12. Qxh7+ Kf8 13. Qxf7# {
Black checkmated } 1-0

[Event "ICC tourney 2556 (25 5)"]
[Site "Internet Chess Club"]
[Date "2021.05.09"]
[Round "6"]
[White "ZIANG FENG, STEVEN:K05-16388220"]
[Black "CARDOSO, KARELY:K05-16268846"]
[Result "1-0"]
[ICCResult "Black checkmated"]
[WhiteElo "1428"]
[BlackElo "713"]
[Opening "Sicilian: dragon, Yugoslav attack, Rauser variation"]
[ECO "B76"]
[NIC "SI.33"]
[Time "13:32:56"]
[PlyCount "41"]
[TimeControl "1500+5"]

1. e4 c5 2. Nf3 Nc6 3. d4 cxd4 4. Nxd4 g6 5. Nc3 Bg7 6. Be3 Nf6 7. f3 O-O
8. Qd2 d6 9. O-O-O Bd7 10. g4 h5 11. h4 hxg4 12. fxg4 Bxg4 13. Be2 Bd7 14.
h5 gxh5 15. Bxh5 Nb4 16. a3 Nc6 17. Bh6 Bxh6 18. Qxh6 Re8 19. Rdg1+ Ng4 20.
Bxg4 f6 21. Be6# { Black checkmated } 1-0

[Event "ICC tourney 2556 (25 5)"]
[Site "Internet Chess Club"]
[Date "2021.05.09"]
[Round "6"]
[White "J WILLIAMS, CHRISTOPHER:K05-16250362"]
[Black "ERVIN KAPLAN, MILES:K05-16937188"]
[Result "1-0"]
[ICCResult "Black checkmated"]
[WhiteElo "1519"]
[BlackElo "1202"]
[Opening "Ruy Lopez: old Steinitz defense"]
[ECO "C62"]
[NIC "RL.02"]
[Time "13:32:05"]
[PlyCount "45"]
[TimeControl "1500+5"]

1. e4 e5 2. Nf3 Nc6 3. Bb5 d6 4. O-O Bg4 5. h3 Bh5 6. d3 a6 7. Ba4 b5 8.
Bb3 Nd4 9. Nbd2 Qf6 10. g4 Bg6 11. Nxd4 exd4 12. a4 b4 13. Nf3 c5 14. Bg5
Qxf3 15. Qxf3 f6 16. Bf4 Be7 17. e5 dxe5 18. Qxa8+ Bd8 19. Rfe1 Kd7 20.
Bxe5 fxe5 21. Rxe5 Be7 22. Qb7+ Kd6 23. Re6# { Black checkmated } 1-0

[Event "ICC tourney 2556 (25 5)"]
[Site "Internet Chess Club"]
[Date "2021.05.09"]
[Round "6"]
[White "SRINIVAS PEDDIBOYINA, AKSHAR:K05-16853620"]
[Black "JAIN, DARSH:K05-30103038"]
[Result "0-1"]
[ICCResult "White resigns"]
[WhiteElo "197"]
[BlackElo "836"]
[Opening "Four knights: Scotch, 4...exd4"]
[ECO "C47"]
[NIC "KP.06"]
[Time "13:32:37"]
[PlyCount "46"]
[TimeControl "1500+5"]

1. e4 e5 2. Nf3 Nc6 3. Nc3 Nf6 4. d4 exd4 5. Nxd4 Bc5 6. Be3 Nxd4 7. Bxd4
Bb6 8. Bxb6 axb6 9. Bb5 c6 10. Bc4 b5 11. Be2 O-O 12. Qd3 Re8 13. f3 d5 14.
exd5 Nxd5 15. Ne4 Bf5 16. g4 Bxe4 17. fxe4 Nf6 18. O-O-O Rxa2 19. Qxd8 Ra1+
20. Kd2 Rxd8+ 21. Ke1 Rdxd1+ 22. Kf2 Rxh1 23. g5 Nxe4+ { White resigns }
0-1

[Event "ICC tourney 2556 (25 5)"]
[Site "Internet Chess Club"]
[Date "2021.05.09"]
[Round "6"]
[White "DAS, AISHANI:K05-17316275"]
[Black "WILSON, HANSEN:K05-16811481"]
[Result "0-1"]
[ICCResult "White checkmated"]
[WhiteElo "469"]
[BlackElo "903"]
[Opening "Scotch gambit: Dubois-Réti defense"]
[ECO "C55"]
[NIC "KP.02"]
[Time "13:31:18"]
[PlyCount "38"]
[TimeControl "1500+5"]

1. e4 e5 2. Nf3 Nc6 3. d4 Nf6 4. Bc4 exd4 5. Nxd4 Nxe4 6. Qe2 d5 7. Bd3
Nxd4 8. Bxe4 dxe4 9. Qxe4+ Ne6 10. Nc3 Bd7 11. Be3 Bc6 12. Qg4 Bc5 13. Bxc5
Nxc5 14. Qxg7 Rf8 15. Qe5+ Ne6 16. O-O Qd2 17. Ne4 Qxc2 18. Ng5 Qg6 19.
Nxe6 Qxg2# { White checkmated } 0-1

[Event "ICC tourney 2556 (25 5)"]
[Site "Internet Chess Club"]
[Date "2021.05.09"]
[Round "6"]
[White "SAMPATHKUMAR, GURU:K05-16282718"]
[Black "KARPENKO, OSKAR:K05-16342416"]
[Result "1-0"]
[ICCResult "Black checkmated"]
[WhiteElo "1141"]
[BlackElo "811"]
[Opening "Caro-Kann: advance variation"]
[ECO "B12"]
[NIC "CK.04"]
[Time "13:32:04"]
[PlyCount "65"]
[TimeControl "1500+5"]

1. e4 c6 2. d4 d5 3. e5 Bf5 4. Nf3 e6 5. Bd3 Bxd3 6. Qxd3 c5 7. c3 Nc6 8.
O-O f6 9. Re1 Qc7 10. exf6 Nxf6 11. Rxe6+ Be7 12. dxc5 O-O 13. Bg5 Bxc5 14.
Bxf6 Rxf6 15. Rxf6 gxf6 16. Qxd5+ Kh8 17. Qxc5 Rd8 18. Nbd2 Rg8 19. Nd4 Qg7
20. g3 Ne5 21. N2f3 Nd3 22. Qb5 Ne5 23. Nxe5 fxe5 24. Nf3 e4 25. Nh4 b6 26.
Re1 Qg4 27. Qe5+ Rg7 28. Qxe4 Qg5 29. Qa8+ Rg8 30. Qxa7 Qd2 31. Qe7 Qxb2
32. Qf6+ Rg7 33. Re8# { Black checkmated } 1-0

[Event "ICC tourney 2556 (25 5)"]
[Site "Internet Chess Club"]
[Date "2021.05.09"]
[Round "6"]
[White "MUKTINUTALAPATI, NIKHIL:K05-16577451"]
[Black "SWIFT, ANASTASIYA:K05-30125631"]
[Result "1-0"]
[ICCResult "Black resigns"]
[WhiteElo "316"]
[BlackElo "688"]
[Opening "KP: Patzer opening"]
[ECO "C20"]
[NIC "KP.10"]
[Time "13:33:12"]
[PlyCount "29"]
[TimeControl "1500+5"]

1. e4 e5 2. Qh5 d6 3. Bc4 Qe7 4. Nf3 g6 5. Qg5 Qxg5 6. Nxg5 Nf6 7. Bxf7+
Kd8 8. d3 Nc6 9. Bd2 Nd4 10. Na3 Bg4 11. f3 Bh6 12. fxg4 Nxg4 13. h3 Bxg5
14. Bxg5+ Kc8 15. hxg4 { Black resigns } 1-0